 Seeded DCSS version 0.29-a0-321-gf1c400731a (webtiles) character file.

Game seed: 14607736244556014094 (custom seed)

119 rabbitsville the Skirmisher (level 5, -2/50 HPs)
             Began as a Hill Orc Monk on Apr 4, 2022.
             Slain by a bullfrog (4 damage)
             ... in a sewer.
             The game lasted 00:08:08 (2323 turns).

rabbitsville the Skirmisher (Hill Orc Monk)         Turns: 2323, Time: 00:08:08

Health: -2/50      AC:  6    Str: 16    XL:     5   Next: 3%
Magic:  5/5        EV: 10    Int: 10    God:
Gold:   80         SH:  0    Dex: 13    Spells: 4/4 levels left

rFire   . . .      SeeInvis .   a - +0 war axe
rCold   . . .      Faith    .   (no shield)
rNeg    . . .      Spirit   .   g - +0 scale mail
rPois   .          Reflect  .   (no helmet)
rElec   .          Harm     .   (no cloak)
rCorr   .          Rampage  .   (no gloves)
Will    .....                   (no boots)
Stlth   ..........              (no amulet)
HPRegen 0.16/turn               (no ring)
MPRegen 0.09/turn               (no ring)

@: very slow
A: no striking features
a: no special abilities


You were in a sewer.
You visited 1 branch of the dungeon, and saw 3 of its levels.
You also visited: Sewer.

You collected 122 gold pieces.
You spent 42 gold pieces at shops.

Inventory:

Hand Weapons
 a - a +0 war axe (weapon)
 b - a +0 hunting sling
 n - a +0 hand axe
Missiles
 i - 2 throwing nets (quivered)
Armour
 e - a +0 robe of fire resistance
 g - a +0 scale mail (worn)
 m - a +0 robe
Scrolls
 f - 2 scrolls of teleportation {unknown}
 h - a scroll of holy word {unknown}
 j - 2 scrolls of identify {unknown}
 k - a scroll of fear {unknown}
 l - a scroll of enchant armour {unknown}
 o - a scroll of summoning {unknown}
Potions
 c - a potion of ambrosia
 d - 2 potions of heal wounds


   Skills:
 + Level 5.7 Fighting
 + Level 5.3 Axes
 + Level 0.6 Slings
 - Level 2.4 Dodging
 - Level 1.5 Stealth


You had 4 spell levels left.
You didn't know any spells.
Your spell library was empty.

Dungeon Overview and Level Annotations

Branches:
Dungeon (3/15)              Sewer (1/1)

Altars:

Shops:
D:3 (


Message History

The bullfrog is heavily wounded.
The bullfrog hits you. x2
Your unstable footing causes you to fumble your attack.
The bullfrog barely misses you.
You barely miss the bullfrog.
The bullfrog is heavily wounded.
The bullfrog hits you. The bullfrog barely misses you.
Your unstable footing causes you to fumble your attack.
The bullfrog closely misses you. The bullfrog hits you.
You barely miss the bullfrog.
The bullfrog is heavily wounded.
The bullfrog hits you.
* * * LOW HITPOINT WARNING * * *
The bullfrog hits you but does no damage.
Your unstable footing causes you to fumble your attack.
The bullfrog hits you but does no damage.
The bullfrog hits you.
* * * LOW HITPOINT WARNING * * *
You hit the bullfrog.
The bullfrog is heavily wounded.
The bullfrog closely misses you.
The bullfrog hits you but does no damage.
You closely miss the bullfrog.
The bullfrog is heavily wounded.
The bullfrog hits you but does no damage. x2
You hit the bullfrog.
The bullfrog is severely wounded.
The bullfrog hits you.
* * * LOW HITPOINT WARNING * * *
The bullfrog barely misses you.
You miss the bullfrog.
The bullfrog is severely wounded.
The bullfrog hits you.
* * * LOW HITPOINT WARNING * * *
You completely miss the bullfrog.
The bullfrog is severely wounded.
The bullfrog hits you.
* * * LOW HITPOINT WARNING * * *
The bullfrog hits you.
You die...

#######################
#.......≈≈..≈÷.≈≈.....##
#.≈≈≈≈≈≈≈≈≈≈≈≈≈≈≈≈≈≈≈..#
#.†≈≈≈≈≈≈≈≈≈≈≈≈≈≈≈≈≈≈≈.#
#.≈≈≈≈≈≈≈≈≈≈@≈≈≈≈≈≈≈≈≈.#
#≈.≈≈.≈≈≈≈≈≈F≈≈≈..≈≈≈≈.#
#.########≈≈≈≈≈≈≈≈.≈≈≈.#
#.# ##≈≈≈≈≈≈≈≈≈.≈≈≈.#
#.# #≈≈≈≈≈≈≈≈≈≈≈≈≈≈.#
#.# #≈≈≈≈≈≈≈≈≈≈≈≈≈≈.#
#≈# #≈≈≈≈≈≈≈≈≈≈≈≈≈≈≈.#
#≈# #≈≈∩.≈.≈≈≈≈≈≈≈≈≈.#
#≈# #≈≈≈....≈≈≈≈≈≈≈≈.#


You could see a bullfrog.

Vanquished Creatures
  An iguana (D:3)
  2 adders
  2 dart slugs (D:1)
  6 bats
  6 endoplasms
  13 giant cockroaches
  6 hobgoblins
  3 kobolds
  6 quokkas
  3 ball pythons
  10 frilled lizards
  3 goblins
  3 rats
64 creatures vanquished.

Notes
Turn   | Place    | Note
-------+----------+-------------------------------------------
     0 | D:1      | rabbitsville the Hill Orc Monk began the quest for the Orb.
     0 | D:1      | Reached XP level 1. HP: 19/19 MP: 1/1
   349 | D:1      | Reached XP level 2. HP: 27/27 MP: 2/2
   808 | D:1      | Reached XP level 3. HP: 32/34 MP: 3/3
  1155 | D:2      | Found a faded altar of an unknown god.
  1432 | D:2      | Reached skill level 5 in Fighting
  1790 | D:3      | Reached skill level 5 in Axes
  1790 | D:3      | Reached XP level 4. HP: 8/42 MP: 4/4
  1838 | D:3      | Found a glowing drain.
  1880 | D:3      | Found Laecimic's Weapon Shoppe.
  1893 | D:3      | Bought a +0 war axe for 42 gold pieces
  1926 | Sewer    | Entered a sewer
  2227 | Sewer    | Reached XP level 5. HP: 50/50 MP: 5/5
  2323 | Sewer    | HP: 2/50 [bullfrog (6)]
  2323 | Sewer    | Slain by a bullfrog

Illustrated notes

Levels and vault maps discovered:
D:1:      minmay_arrival_solitary_statue, layout_loops_cross,
          minmay_crystal_water, minmay_misc_feat_plants
D:2:      layout_basic, shapermc_ecumenical_altar_venn, interstate_on_off,
          nicolae_elevator_lobby_asterisk
D:3:      layout_rooms, nicolae_uskayaw_en_pointe, led_xom_imps,
          portal_sewer_entry_f, serial_shops, nicolae_lakefront_shop,
          nicolae_shop_advertising_works [nicolae_subvault_shop_adworks], shop,
          minivault_26, uniq_jessica
Sewer:    sewer_frog_island_01

Skill      XL: |  1  2  3 |
---------------+----------+-----
Fighting       | 4 5 |  5.7
Axes           | 5 |  5.3
Slings         | |  0.6
Dodging        | |  2.4
Stealth        | |  1.5

Action                   |  1- 3 |  4- 6 || total
-------------------------+-------+-------++-------
Melee: Hand axe          |   107 |    47 ||   154
       War axe           |       |    43 ||    43
 Fire: Hunting sling     |       |    40 ||    40
  Use: Potion            |       |     1 ||     1
 Stab: Sleeping          |     5 |       ||     5
Armor: Robe              |    12 |       ||    12
       Scale mail        |    16 |    43 ||    59
Dodge: Dodged            |    68 |    49 ||   117

Table legend: (Time is in decaauts)
 A = Elapsed time spent in this place.
 B = Non-inter-level travel time spent in this place.
 C = Inter-level travel time spent in this place.
 D = Time resting spent in this place.
 E = Time spent auto-exploring this place.
 F = Levels seen in this place.
 G = Mean time per level.
                   A        B        C        D        E       F      G
               +--------+--------+--------+--------+--------+-----+--------+
         Total |   2428 |   2339 |     89 |      0 |   1365 |   4 |  607.0 |
       Dungeon |   1947 |   1858 |     89 |      0 |   1180 |   3 |  649.0 |
         Sewer |    481 |    481 |      0 |      0 |    184 |   1 |  481.0 |
               +--------+--------+--------+--------+--------+-----+--------+

Top non-repeatable levels by time:
     D:1: 1047 daAuts
     D:2: 664 daAuts
   Sewer: 481 daAuts
     D:3: 234 daAuts
